 Dungeon Crawl Stone Soup version 0.31.0-9-g3a7656b989 (webtiles) character file.

Game seed: 10352945663220308771

70 qw the Shooter (level 4, -1/23 (25) HPs)
             Began as a Deep Elf Hunter on Feb 2, 2024.
             Slain by Terence
             ... wielding a +0 flail of draining
              (8 damage)
             ... on level 3 of the Dungeon.
             The game lasted 00:00:06 (1485 turns).

qw the Shooter (Deep Elf Hunter)                    Turns: 1485, Time: 00:00:07

HP:   -1/23 (25)    AC:  5    Str: 10    XL:     4   Next: 4%
MP:   6/6           EV: 12    Int: 14    God:
Gold: 123           SH:  0    Dex: 18    Spells: 3/3 levels left

rFire   . . .        a - +0 shortbow
rCold   . . .        (shield currently unavailable)
rNeg    . . .        c - +0 leather armour
rPois   .            j - +1 helmet
rElec   .            (no cloak)
rCorr   .            (no gloves)
SInv    .            (no boots)
Will    .....        (no amulet)
Stlth   ++           (no ring)
HPRegen 0.23/turn    (no ring)
MPRegen 0.10/turn

%: no passive effects
@: drained
A: no striking features
a: no special abilities


You were on level 3 of the Dungeon.
You visited 1 branch of the dungeon, and saw 3 of its levels.

You collected 123 gold pieces.


   Skills:
 - Level 1.5 Fighting
 + Level 7.4 Ranged Weapons
 - Level 2.4 Dodging
 - Level 1.2 Stealth


You had 3 spell levels left.
You didn't know any spells.
Your spell library was empty.

Inventory:

Hand Weapons
 a - a +0 shortbow (weapon)
Armour
 c - a +0 leather armour (worn)
 i - a +0 ring mail
 j - a +1 helmet (worn)
Jewellery
 h - a ring of poison resistance
Scrolls
 k - a scroll of identify
 l - a scroll of enchant armour {unknown}
Potions
 b - a potion of heal wounds {unknown}
 d - a potion of cancellation {unknown}
 e - a potion of might
 f - 2 potions of curing
 g - 2 potions of haste {unknown}

Dungeon Overview and Level Annotations

Branches:
Dungeon (3/15)

Altars:
Uskayaw
The Shining One

Shops:
D:1 ?(*[

Annotations:
D:3 Terence


Message History

You shoot an arrow.
The arrow hits Terence but does no damage.
Terence barely misses you.
You shoot an arrow. The arrow completely misses Terence.
Terence misses you.
You shoot an arrow.
The arrow hits Terence but does no damage.
Terence misses you.
Terence hits you with a +0 flail of draining.
You feel drained.
You shoot an arrow. The arrow hits Terence!
Terence is heavily wounded.
Terence misses you.
You shoot an arrow.
The arrow hits Terence but does no damage.
Terence is heavily wounded.
Terence closely misses you.
You shoot an arrow. The arrow hits Terence.
Terence is heavily wounded.
Terence closely misses you.
You shoot an arrow.
The arrow hits Terence but does no damage.
Terence is heavily wounded.
Terence misses you.
You shoot an arrow.
The arrow hits Terence but does no damage.
Terence is heavily wounded.
Terence barely misses you.
You shoot an arrow. The arrow barely misses Terence.
Terence hits you with a +0 flail of draining!
You feel drained.
You shoot an arrow. The arrow hits Terence.
Terence is severely wounded.
Terence completely misses you.
You shoot an arrow.
The arrow hits Terence but does no damage.
Terence is severely wounded.
Terence hits you with a +0 flail of draining!
You die...
Terence says, "That felt goooood."

..........####### #
##.......%.....#
##.#....%.........#
.........[#.####..#
#.#.....##.# #..#
#...#...###.####..#
.........##.......#
#...#.##.##..####.#######
##. #. #@##..##.....>....
# #..@.....##...#######
#...###...##...# #...#.
.#...#....####### ### .
#..............## ##
######...#####.## #.....#
#.# #.....# #.##
#.....####...


You could see Terence.

Vanquished Creatures
  2 dart slugs (D:1)
  A ribbon worm (D:2)
  2 orcs (D:3)
  6 ball pythons
  5 endoplasms
  A giant cockroach (D:2)
  6 goblins
  5 hobgoblins
  4 jackals (D:1)
  8 kobolds
  2 quokkas
  5 bats
  A frilled lizard (D:3)
  6 rats
54 creatures vanquished.

Notes
Turn   | Place    | Note
-------+----------+-------------------------------------------
     0 | D:1      | qw the Deep Elf Hunter began the quest for the Orb.
     0 | D:1      | Reached XP level 1. HP: 12/12 MP: 3/3
     0 | D:1      | 0 ||| qw: Version: 0.3-a-155-g5e7d8dd
     0 | D:1      | 0 ||| qw: Game counter: 1339
     0 | D:1      | 0 ||| qw: Melee chars always use a shield: true
     0 | D:1      | 0 ||| qw: God list: Okawaru
     0 | D:1      | 0 ||| qw: Allow faded altars: false
     0 | D:1      | 0 ||| qw: Do Orc after clearing Dungeon:15 true
     0 | D:1      | 0 ||| qw: Do second Lair branch before Depths: true
     0 | D:1      | 0 ||| qw: Lair rune preference: random
     0 | D:1      | 0 ||| qw: Goals: Normal
     0 | D:1      | 0 ||| PLANNING D:1-11
   107 | D:1      | Found Ziziagra's Magic Scroll Shop.
   110 | D:1      | Found Xynkeof's Weapon Emporium.
   114 | D:1      | 114 ||| SHOPLISTING scroll of enchant armour (90 gold, have
                  | 8).
   114 | D:1      | 114 ||| SHOPLISTING scroll of identify (24 gold, have 8).
   114 | D:1      | 114 ||| SHOPLISTING scroll of teleportation (36 gold, have
                  | 8).
   168 | D:1      | Found Axzualu's Assorted Antiques.
   182 | D:1      | Reached skill level 6 in Ranged Weapons
   182 | D:1      | Reached XP level 2. HP: 16/16 MP: 4/4
   192 | D:1      | 192 ||| SHOPLISTING lumpy sapphire potion (19 gold, have
                  | 8).
   192 | D:1      | 192 ||| SHOPLISTING scroll labelled ELINUA DETUCK (22 gold,
                  | have 8).
   192 | D:1      | 192 ||| SHOPLISTING scroll labelled FEV HIDENWE (22 gold,
                  | have 8).
   461 | D:1      | Reached XP level 3. HP: 20/20 MP: 5/5
   800 | D:1      | Found Uskyta's Antique Armour Shoppe.
   804 | D:1      | 804 ||| SHOPLISTING pair of runed gloves (157 gold, have
                  | 39).
   804 | D:1      | 804 ||| SHOPLISTING scale mail (84 gold, have 39).
   804 | D:1      | 804 ||| UPGRADING to +1 helmet.
   809 | D:1      | 809 ||| READING scroll labelled XAOHO ROWIMEGOF.
   810 | D:1      | 810 ||| READING scroll labelled CIHAN WESICO.
   813 | D:1      | 813 ||| READING scroll labelled KEGROIKLUM.
   813 | D:1      | 813 ||| IDENTIFYING amethyst potion
   814 | D:1      | 814 ||| READING scroll labelled WIPEIQ CEWAORE.
   815 | D:1      | 815 ||| DRINKING 2 bubbling inky potions.
   816 | D:1      | 816 ||| DROPPING scroll of butterflies.
   900 | D:2      | Reached skill level 7 in Ranged Weapons
  1009 | D:2      | Found a glowing golden altar of the Shining One.
  1241 | D:2      | 1241 ||| DRINKING 2 ruby potions.
  1242 | D:2      | 1242 ||| DROPPING potion of attraction.
  1289 | D:3      | 1289 ||| FLEEEEING.
  1356 | D:3      | Noticed a +0 falchion
  1356 | D:3      | Noticed a +0 short sword
  1357 | D:3      | Noticed a +0 dagger
  1357 | D:3      | Noticed a +0 spear
  1358 | D:3      | Noticed a +0 falchion
  1358 | D:3      | Noticed a +0 short sword
  1360 | D:3      | Noticed a +0 spear
  1360 | D:3      | Noticed a +0 dagger
  1372 | D:3      | Found a hide-covered altar of Uskayaw.
  1422 | D:3      | Reached XP level 4. HP: 25/25 MP: 6/6
  1470 | D:3      | Noticed Terence
  1485 | D:3      | Slain by Terence

Levels and vault maps discovered:
D:1:      denvon_arrival_waterhouse, layout_loops_ring, serial_shops,
          shop_statue, shop, shop, shop
D:2:      layout_rooms, basic_altar
D:3:      cheibrodos_fertilizer, layout_loops_ring,
          grunt_temple_overflow_champion_of_chaos, nicolae_uskayaw_en_pointe,
          uniq_terence

Skill      XL: |  1  2  3 |
---------------+----------+-----
Ranged Weapons | 6 7 |  7.4
Fighting       | |  1.5
Dodging        | |  2.4
Stealth        | |  1.2

Action                     |  1- 3 |  4- 6 || total
---------------------------+-------+-------++-------
   Fire: Shortbow          |   149 |    20 ||   169
    Use: Scroll            |     4 |       ||     4
         Potion            |     2 |       ||     2
 Armour: Leather armour    |    21 |     3 ||    24
  Dodge: Dodged            |    31 |    11 ||    42

Table legend:
 A = Non-vault XP
 B = Vault XP
 C = Vault XP percentage of total XP
 D = Non-vault monster count
 E = Vault monster count
 F = Vault count percentage of total count
                 A         B        C        D         E       F
            +---------+---------+-------+---------+---------+-------
      Total |     101 |       0 |   0.0 |      54 |       0 |   0.0
            +---------+---------+-------+---------+---------+-------
        D:1 |      54 |       0 |   0.0 |      28 |       0 |   0.0
        D:2 |      25 |       0 |   0.0 |      13 |       0 |   0.0
        D:3 |      22 |       0 |   0.0 |      13 |       0 |   0.0
            +---------+---------+-------+---------+---------+-------
